 Dungeon Crawl Stone Soup version 0.21.1-1-g345015f (webtiles) character file.

85 tidbits the Insei (level 4, 30/34 HPs)
             Began as a Gnoll Transmuter on Mar 21, 2018.
             Quit the game on level 3 of the Dungeon.
             The game lasted 00:04:55 (488 turns).

tidbits the Insei (Gnoll Transmuter)                 Turns: 488, Time: 00:04:56

Health: 30/34      AC:  3    Str: 12    XL:     4   Next: 48%
Magic:  7/11       EV: 15    Int: 17    God:
Gold:   72         SH:  0    Dex: 15    Spells: 3/13 levels left

rFire    . . .     SeeInvis .   m - -1 short sword (curse)
rCold    . . .     Gourm    .   (no shield)
rNeg     . . .     Faith    .   b - +0 robe
rPois    .         Spirit   .   (no helmet)
rElec    .         Reflect  .   C - +0 cloak
rCorr    .         Harm     .   (no gloves)
MR       .....                  (no boots)
Stlth    ++........             k - amulet of inaccuracy (curse)
HPRegen  0.11/turn              W - ring of wizardry
MPRegen  0.12/turn              (no ring)

@: no status effects
A: distributed training, fangs 1, strong nose
a: no special abilities


You were on level 3 of the Dungeon.
You were full.

You visited 1 branch of the dungeon, and saw 4 of its levels.

You collected 72 gold pieces.

Inventory:

Hand Weapons
 f - a +0 short sword
 g - a +0 dagger
 m - a cursed -1 short sword (weapon)
Missiles
 a - 52 arrows
 j - 2 javelins (quivered)
Armour
 b - a +0 robe (worn)
 e - a +2 leather armour of cold resistance
   (You took it off an orc on level 3 of the Dungeon)
 C - a +0 cloak (worn)
Jewellery
 k - a cursed amulet of inaccuracy (around neck)
   (You found it on level 3 of the Dungeon)
 W - a ring of wizardry (left hand)
   (You found it on level 2 of the Dungeon)
Wands
 l - a wand of digging (10)
Potions
 h - a potion of curing {unknown}
 i - 2 potions of might {unknown}
Books
 c - a book of Changes

   Spells                             Type                      Level
   a - Beastly Appendage              Transmutation                1
   b - Sticks to Snakes               Transmutation                2
   c - Spider Form                    Transmutation/Poison         3
   d - Ice Form                       Ice/Transmutation            4
   e - Blade Hands                    Transmutation                5
Comestibles
 d - 4 rations


   Skills:
 + Level 2.7 Fighting
 + Level 1.1 Short Blades
 + Level 1.1 Long Blades
 + Level 1.1 Axes
 + Level 1.1 Maces & Flails
 + Level 1.1 Polearms
 + Level 1.1 Staves
 + Level 1.1 Slings
 + Level 1.1 Bows
 + Level 1.1 Crossbows
 + Level 1.1 Throwing
 + Level 1.1 Armour
 + Level 4.6 Dodging
 + Level 1.1 Stealth
 + Level 1.1 Shields
 + Level 6.6 Unarmed Combat
 + Level 5.1 Spellcasting
 + Level 0.9 Conjurations
 + Level 0.9 Hexes
 + Level 0.9 Charms
 + Level 0.9 Summonings
 + Level 0.9 Necromancy
 + Level 0.9 Translocations
 + Level 3.8 Transmutations
 + Level 0.9 Fire Magic
 + Level 0.9 Ice Magic
 + Level 0.9 Air Magic
 + Level 0.9 Earth Magic
 + Level 0.9 Poison Magic
 + Level 1.2 Invocations
 + Level 1.1 Evocations


You had 3 spell levels left.
You knew the following spells:

 Your Spells              Type           Power        Failure   Level  Hunger
e - Beastly Appendage     Tmut           ###...       1%          1    None
i - Ice Form              Ice/Tmut       ##......     21%         4    ####...
k - Sticks to Snakes      Tmut           ###.....     1%          2    #......
p - Spider Form           Tmut/Pois      ##........   6%          3    ###....


Dungeon Overview and Level Annotations

Branches:
Dungeon (4/15)
 Temple: D:4-7

Altars:


Innate Abilities, Weirdness & Mutations

Your experience applies equally to all skills.
You have very sharp teeth.
Your uncanny sense of smell can sniff out nearby items.


Message History

Casting: Beastly Appendage
Confirm with . or Enter, or press ? or * to list all spells.
Your talons disappear.
You turn into a venomous arachnid creature.
Your +0 cloak melds into your body.
Your +0 robe melds into your body.
You hit the rat.
You kill the rat!
Ijyb the Twisted Goblin comes into view.
She is wielding a club.
Ijyb shouts!
Ijyb zaps a wand.
Some rock shatters into small pieces.
It is a wand of digging (10).
Found 14 gold pieces.
Casting: Spider Form
Confirm with . or Enter, or press ? or * to list all spells.
You create a snake!
You now have 53 arrows.
Your transformation is almost over.
Casting: Sticks to Snakes
Confirm with . or Enter, or press ? or * to list all spells.
You create a snake!
You now have 52 arrows.
Found a chain mail.
You see here a hunting sling.
Ijyb completely misses you.
The frilled lizard hisses.
You hit Ijyb.
Ijyb is poisoned.
Ijyb is lightly wounded.
Ijyb hits you with a club.
You closely miss Ijyb.
Ijyb is lightly wounded.
Your ball python bites the frilled lizard.
The frilled lizard dies!
Your ball python closely misses Ijyb.
Your ball python grabs Ijyb.
Your ball python constricts Ijyb.
Ijyb completely misses you.
You hit Ijyb but do no damage.
Ijyb looks as sick as possible!
Ijyb is lightly wounded.
Your ball python bites Ijyb but does no damage.
Your ball python constricts Ijyb.
Ijyb barely misses you.
You completely miss Ijyb.
Ijyb is moderately wounded.
Your transformation has ended.
Your +0 cloak unmelds from your body.
Your +0 robe unmelds from your body.
Your ball python bites Ijyb but does no damage. x2
Your ball python constricts Ijyb.
Casting: Sticks to Snakes
Confirm with . or Enter, or press ? or * to list all spells.
You turn into a venomous arachnid creature.
Your +0 cloak melds into your body.
Your +0 robe melds into your body.
Your ball python bites Ijyb but does no damage.
Ijyb misses you.
Your ball python bites Ijyb but does no damage.
Your ball python constricts Ijyb.
Your ball python bites Ijyb but does no damage.
Unknown command.
You hit Ijyb but do no damage.
Ijyb is moderately wounded.
Your ball python barely misses Ijyb.
Your ball python constricts Ijyb.
Ijyb closely misses you.
Your ball python barely misses Ijyb.
You hit Ijyb.
Ijyb is heavily wounded.
Your ball python bites Ijyb.
Your ball python constricts Ijyb.
Ijyb misses you.
Your ball python bites Ijyb but does no damage.
You hit Ijyb.
Ijyb looks as sick as possible!
Ijyb is almost dead.
Your ball python bites Ijyb but does no damage.
Your ball python constricts Ijyb.
Your ball python bites Ijyb.
Ijyb dies!
Your ball python looks stronger.
Things that are here:
a club; a leather armour; a wand of digging (10)
l - a wand of digging (10)
You see here 14 gold pieces.
You now have 72 gold pieces (gained 14).
Your transformation is almost over.
Your ball python withers and dies!
Your ball python withers and dies!
Your transformation has ended.
Your +0 cloak unmelds from your body.
Your +0 robe unmelds from your body.
A hobgoblin comes into view. It is wielding a club.
Casting: Spider Form
Confirm with . or Enter, or press ? or * to list all spells.
You turn into a venomous arachnid creature.
Your +0 cloak melds into your body.
Your +0 robe melds into your body.
The hobgoblin shouts!
You hit the hobgoblin.
The hobgoblin is poisoned.
The hobgoblin is heavily wounded.
The hobgoblin hits you but does no damage.
You bite the hobgoblin!
You kill the hobgoblin!
Your transformation is almost over.
Found a glowing short sword.
Found a scale mail.
Your transformation has ended.
Your +0 cloak unmelds from your body.
Your +0 robe unmelds from your body.
You see here a glowing short sword.
m - a glowing short sword Wield which item (- for none, * to show all)? (? for menu, Esc to quit)
It sticks to your hand!
m - a cursed -1 short sword (weapon)
Okay, then.
Okay, then.
Are you sure you want to abandon this character and quit the game? (Confirm with "yes".)

# #.##.## #...
#[....# ... ####..#
.. #.####..# #.
#.......#####.
#######.......
#..##### #########
#..#
#@.[....##.#.#####
#.#####.#.###....#
##.#####.##.#)###..
#.....##.# #...####
##..##.##.#
#.......
#...##.##.#
#...##..
...#.......# #####
. ###...##....# ..
#########.# #..


There were no monsters in sight!

Vanquished Creatures
  A hound skeleton (D:4)
  2 adders (D:3)
  2 worms (D:2)
  A dart slug (D:3)
  2 orcs (D:3)
  5 bats
  A giant cockroach (D:1)
  A goblin (D:3)
  2 hobgoblins
  A frilled lizard (D:3)
  3 kobolds
  6 rats
27 creatures vanquished.

Vanquished Creatures (collateral kills)
  Ijyb (D:3)
  A frilled lizard (D:3)
2 creatures vanquished.

Grand Total: 29 creatures vanquished

Notes
Turn   | Place    | Note
-------+----------+-------------------------------------------
     0 | D:1      | tidbits the Gnoll Transmuter began the quest for the Orb.
     0 | D:1      | Reached XP level 1. HP: 17/17 MP: 6/6
    42 | D:2      | Reached XP level 2. HP: 23/23 MP: 5/7
    46 | D:2      | Learned a level 2 spell: Sticks to Snakes
   225 | D:3      | Reached skill level 5 in Spellcasting
   225 | D:3      | Reached XP level 3. HP: 22/28 MP: 5/9
   230 | D:3      | Learned a level 3 spell: Spider Form
   270 | D:4      | Reached skill level 1 in Invocations
   309 | D:3      | Reached skill level 1 in Short Blades
   309 | D:3      | Reached skill level 1 in Long Blades
   309 | D:3      | Reached skill level 1 in Axes
   309 | D:3      | Reached skill level 1 in Maces & Flails
   309 | D:3      | Reached skill level 1 in Polearms
   309 | D:3      | Reached skill level 1 in Staves
   309 | D:3      | Reached skill level 1 in Slings
   309 | D:3      | Reached skill level 1 in Bows
   309 | D:3      | Reached skill level 1 in Crossbows
   309 | D:3      | Reached skill level 1 in Throwing
   309 | D:3      | Reached skill level 1 in Armour
   309 | D:3      | Reached skill level 1 in Stealth
   309 | D:3      | Reached skill level 1 in Shields
   309 | D:3      | Reached skill level 1 in Evocations
   391 | D:3      | Reached XP level 4. HP: 21/34 MP: 9/11
   397 | D:3      | Learned a level 4 spell: Ice Form
   410 | D:3      | Noticed Ijyb
   423 | D:3      | Killed Ijyb
   488 | D:3      | Quit the game

Skill      XL: |  1  2  3 |
---------------+----------+-----
Spellcasting   | 5 |  5.1
Invocations    | 1 |  1.2
Short Blades   | 1 |  1.1
Long Blades    | 1 |  1.1
Axes           | 1 |  1.1
Maces & Flails | 1 |  1.1
Polearms       | 1 |  1.1
Staves         | 1 |  1.1
Slings         | 1 |  1.1
Bows           | 1 |  1.1
Crossbows      | 1 |  1.1
Throwing       | 1 |  1.1
Armour         | 1 |  1.1
Stealth        | 1 |  1.1
Shields        | 1 |  1.1
Evocations     | 1 |  1.1
Fighting       | |  2.7
Dodging        | |  4.6
Unarmed Combat | |  6.6
Conjurations   | |  0.9
Hexes          | |  0.9
Charms         | |  0.9
Summonings     | |  0.9
Necromancy     | |  0.9
Translocations | |  0.9
Transmutations | |  3.8
Fire Magic     | |  0.9
Ice Magic      | |  0.9
Air Magic      | |  0.9
Earth Magic    | |  0.9
Poison Magic   | |  0.9

Action                   |  1- 3 |  4- 6 || total
-------------------------+-------+-------++-------
Melee: Unarmed           |    59 |    11 ||    70
       Kick              |     3 |       ||     3
       Headbutt          |     4 |       ||     4
       Bite              |     4 |       ||     4
       Punch             |     2 |       ||     2
 Cast: Beastly Appendage |    12 |       ||    12
       Sticks to Snakes  |     2 |     2 ||     4
       Spider Form       |     1 |     3 ||     4
  Use: Scroll            |     2 |       ||     2
 Stab: Sleeping          |     1 |     1 ||     2
  Eat: Ration            |     1 |       ||     1
Armor: Robe              |     4 |       ||     4
       Skin              |       |     1 ||     1
Dodge: Dodged            |    42 |     6 ||    48

Table legend:
 A = Turns spent in this place as a percentage of turns spent in the entire game.
 B = Non-inter-level travel turns spent in this place as a percentage of non-inter-level travel turns spent in the entire game.
 C = Inter-level travel turns spent in this place as a percentage of turns spent in this place.
 D = Turns resting spent in this place as a percentage of non-inter-level travel turns spent in this place.
 E = Turns spent auto-exploring this place as a percentage of non-inter-level travel turns spent in this place.
 F = Non-inter-level travel turns spent in this place divided by the number of levels of this place that you've seen.
                   A       B       C       D       E      F
               +-------+-------+-------+-------+-------+----------------------
         Total | 100.0 | 100.0 |   0.0 |   0.0 |   0.0 | 122.0
       Dungeon | 100.0 | 100.0 |   0.0 |   0.0 |   0.0 | 122.0
               +-------+-------+-------+-------+-------+----------------------

Table legend:
 A = Kills in this place as a percentage of kills in entire the game.
 B = Kills by you in this place as a percentage of kills by you in the entire game.
 C = Kills by friends in this place as a percentage of kills by friends in the entire game.
 D = Other kills in this place as a percentage of other kills in the entire game.
 E = Experience gained in this place as a percentage of experience gained in the entire game.
 F = Experience gained in this place divided by the number of levels of this place that you have seen.
                   A       B       C       D       E      F
               +-------+-------+-------+-------+-------+----------------------
         Total | 100.0 | 100.0 | 100.0 |   N/A | 100.0 |  30.5
       Dungeon | 100.0 | 100.0 | 100.0 |   N/A | 100.0 |  30.5
               +-------+-------+-------+-------+-------+----------------------

Vault maps used:
D:1:      minmay_arrival_split_and_join
D:2:      uniq_crazy_yiuf_cottage
D:3:      first_ration, elyvilon_altar_3, uniq_ijyb
D:4:      cheibrodos_old_hovel, minmay_crystal_room
